[Event "Early-Titled-Tuesday-Blitz-July-09-2024"]
[Site "Chess.com"]
[Date "2024.07.09"]
[Round "2"]
[White "Jospem"]
[Black "sathvikadiga"]
[Result "1-0"]
[WhiteElo "3108"]
[BlackElo "2676"]
[TimeControl "180+1"]
[EndTime "8:16:41 PDT"]
[Termination "Jospem won by checkmate"]

1. e4 e5 2. Nf3 Nc6 3. Nc3 Nf6 4. h3 Bc5 5. Nxe5 Nxe5 6. d4 Bxd4 7. Qxd4 d6 8. Bf4 Nc6 9. Qd3 Be6 10. O-O-O Qd7 11.
a3 O-O-O 12. Be2 h6 13. Be3 Rhe8 14. Rhe1 Ne5 15. Qd2 Nc4 16. Bxc4 Bxc4 17. Qd4 Qc6 18. f3 b6 19. Bxh6 Nxe4 20. Bxg7 Nxc3 21. Qxc3 Bb5 22. Qd2 Rxe1 23. Rxe1 Rg8 24. Bc3 Qc4 25. b3 Qh4 26. Qd5 Qg5+ 27. Qxg5 Rxg5 28. g4 Bc6 29. h4 Rg8 30. h5 Bxf3 31. h6 Bxg4 32. h7 Rf8 33. Bg7 Rd8 34. Bf6 Rf8 35. Rg1 Bf5 36. Rg8 Bxh7 37.
Rxf8+ Kb7 38. Rxf7 Bf5 39. Bd8 Be6 40. Rxc7+ Ka6 41. Re7 Bd5 42. Bc7 Kb5 43. Bxd6 a5 44.
a4+ Kc6 45. Bf4 Bf3 46. c4 Kc5 47. Kb2 Kd4 48. Kc2 Be4+ 49. Kd2 Bc6 50. Be3# 1-0

[Event "Early-Titled-Tuesday-Blitz-July-09-2024"]
[Site "Chess.com"]
[Date "2024.07.09"]
[Round "2"]
[White "Ati1517"]
[Black "vedantgoswami"]
[Result "1-0"]
[WhiteElo "2073"]
[BlackElo "2408"]
[TimeControl "180+1"]
[EndTime "8:16:41 PDT"]
[Termination "Ati1517 won by resignation"]

1. e4 Nc6 2. d4 d5 3. Nc3 dxe4 4.
d5 Ne5 5. Qd4 Ng6 6. Bb5+ Bd7 7.
Bc4 Nf6 8. Bg5 c5 9. Qxc5 Rc8 10. Qd4 h6 11. Bxf6 exf6 12. d6 Ne5 13. Bb3 Qb6 14. Qxb6 axb6 15. O-O-O f5 16. Nge2 Rc6 17. Nb5 Rc5 18.
Nc7+ Kd8 19. Rd5 Bxd6 20. Rxd6 Kxc7 21. Rd4 Be6 22. Bxe6 fxe6 23. Nf4 Re8 24. Rhd1 Re7 25. Rd6 Ng4 26. Nxe6+ Rxe6 27. Rxe6 Nxf2 28. Rf1 Nd3+ 29.
Kb1 Nb4 30. Re7+ Kc6 31. Rxg7 Nxc2 32. Rc1 Nd4 33. Rg6+ Kd5 34. Rxb6 e3 35. Rxc5+ Kxc5 36.
Rxb7 Kd5 37. Re7 e2 38. Kc1 f4 39. Kd2 Kd6 40. Re8 Kd7 41. Rxe2 Nxe2 42. Kxe2 1-0

[Event "Early-Titled-Tuesday-Blitz-July-09-2024"]
[Site "Chess.com"]
[Date "2024.07.09"]
[Round "2"]
[White "annasargsyan_m"]
[Black "Witty_Alien"]
[Result "1-0"]
[WhiteElo "2645"]
[BlackElo "2395"]
[TimeControl "180+1"]
[EndTime "8:16:42 PDT"]
[Termination "annasargsyan_m won on time"]

1. d4 e5 2. dxe5 d6 3. exd6 Bxd6 4. Nf3 Nf6 5. Nc3 Nc6 6. Bg5 Bg4 7. e3 Qd7 8. Be2 O-O-O 9. Bxf6 gxf6 10. Qd5 Nb4 11. Qd2 Bf5 12. Nd4 Be5 13. O-O-O Bxd4 14. Qxd4 Qxd4 15.
Rxd4 Rxd4 16. exd4 Nxc2 17. Rd1 Rd8 18. g4 Bg6 19. d5 c5 20. dxc6 bxc6 21. f4 Ne3 22. Rxd8+ Kxd8 23. f5 Bxf5 24. gxf5 Nxf5 25. Bd3 Nd4 26.
Bxh7 f5 27. Kd2 Nf3+ 28. Ke3 Nxh2 29. Bxf5 Ke7 30. Kf2 Kf6 31. Bh3 Ke5 32. Kg2 Kd4 33. Kxh2 Kd3 34. Bf5+ Kd2 35. Na4 Kc1 36. Kg3 Kd2 37. Kf4 1-0

[Event "Early-Titled-Tuesday-Blitz-July-09-2024"]
[Site "Chess.com"]
[Date "2024.07.09"]
[Round "2"]
[White "Dr_Pepper18"]
[Black "MrEscacs"]
[Result "0-1"]
[WhiteElo "2441"]
[BlackElo "2199"]
[TimeControl "180+1"]
[EndTime "8:16:43 PDT"]
[Termination "MrEscacs won on time"]

1. d4 Nf6 2. c4 g6 3. Nc3 Bg7 4. e4 d6 5. Be2 O-O 6. Be3 Nbd7 7.
Nf3 Ng4 8. Bg5 h6 9. Bh4 g5 10. Bg3 Ngf6 11. h4 g4 12. Nd2 h5 13. Qc2 c5 14. d5 a6 15. O-O Rb8 16. a4 Nh7 17. f3 Ne5 18. f4 Ng6 19. e5 dxe5 20. f5 Nf4 21. Nde4 Kh8 22. Nxc5 Qb6 23. Bf2 g3 24. Be3 Bf6 25. Rf3 Qc7 26. Rxg3 Bxh4 27. Bxf4 exf4 28. Rh3 Qxc5+ 29. Kh1 Bg5 30. Bxh5 Kg7 31. Ne4 Qd4 32. f6+ exf6 33. Rf3 Bf5 34. Re1 Rbe8 0-1

[Event "Early-Titled-Tuesday-Blitz-July-09-2024"]
[Site "Chess.com"]
[Date "2024.07.09"]
[Round "2"]
[White "nj123456"]
[Black "tarno17"]
[Result "1-0"]
[WhiteElo "2466"]
[BlackElo "2187"]
[TimeControl "180+1"]
[EndTime "8:16:44 PDT"]
[Termination "nj123456 won by checkmate"]

1. e4 c5 2. c3 d5 3. exd5 Qxd5 4. d4 e6 5. Nf3 Nf6 6. Na3 Be7 7. Nb5 Na6 8. c4 Qd8 9. Bd3 O-O 10. O-O Bd7 11. Bf4 Bxb5 12. cxb5 Nb4 13. Bb1 Nbd5 14. Bg3 Qb6 15.
a4 Rfd8 16. h3 cxd4 17. Qxd4 Bc5 18. Qh4 Ne7 19. Be5 Ng6 20. Bxg6 hxg6 21. Ng5 Kf8 22. Qh8+ Ke7 23. Qxg7 Ne8 24. Qxf7# 1-0

[Event "Early-Titled-Tuesday-Blitz-July-09-2024"]
[Site "Chess.com"]
[Date "2024.07.09"]
[Round "2"]
[White "Alonmindlin"]
[Black "Tol_Tol"]
[Result "1-0"]
[WhiteElo "2714"]
[BlackElo "2358"]
[TimeControl "180+1"]
[EndTime "8:16:45 PDT"]
[Termination "Alonmindlin won by resignation"]

1. e4 c5 2. c3 Nf6 3. e5 Nd5 4. d4 cxd4 5. Nf3 Nc6 6. Bc4 Nb6 7. Bb3 g6 8. Ng5 d5 9. exd6 e6 10. Qf3 Ne5 11. Qg3 Bxd6 12. Ne4 O-O 13. Bh6 Bc7 14.
Bxf8 Kxf8 15. O-O h5 16. Qg5 Qxg5 17. Nxg5 d3 18. Na3 Bd7 19. Rad1 a5 20. f4 a4 21. Bxe6 Ng4 22. Bxf7 Ne3 23. Rxd3 Nxf1 24. Kxf1 Bxf4 25. Ne6+ Bxe6 26. Bxe6 Ke7 27. Bh3 Bxh2 28. g3 h4 29. gxh4 Rf8+ 30. Kg2 Bd6 31. Nb5 Bc5 32. Nd4 Nc4 33.
b3 axb3 34. axb3 Nd6 35. Re3+ Kf6 36. Rf3+ Nf5 37. Nxf5 gxf5 38. Rxf5+ Kg7 39. Rxc5 1-0

[Event "Early-Titled-Tuesday-Blitz-July-09-2024"]
[Site "Chess.com"]
[Date "2024.07.09"]
[Round "2"]
[White "Iball95"]
[Black "profedechess93"]
[Result "1-0"]
[WhiteElo "2924"]
[BlackElo "2623"]
[TimeControl "180+1"]
[EndTime "8:16:46 PDT"]
[Termination "Iball95 won by resignation"]

1. e4 e6 2. d4 d5 3. Nc3 Nf6 4. Bd3 c5 5. Nf3 c4 6. e5 cxd3 7. exf6 Qxf6 8. Qxd3 a6 9. O-O Bd6 10. Re1 O-O 11. Bg5 Qg6 12. Qd2 Nc6 13. Re2 Bd7 14.
Bf4 Bb4 15. a3 Be7 16. Nd1 Rac8 17. Ne3 b6 18. Rae1 h6 19. c3 f6 20. h3 Na5 21.
Nxd5 exd5 22. Rxe7 Bxh3 23. Nh4 Qg4 24. Bg3 Nc4 25.
Qc2 Bxg2 26. Nxg2 h5 27. Qe2 Qg5 28. Nf4 h4 29. Ne6 Qg6 30. Rxg7+ 1-0

[Event "Early-Titled-Tuesday-Blitz-July-09-2024"]
[Site "Chess.com"]
[Date "2024.07.09"]
[Round "2"]
[White "Dewarfd"]
[Black "JoliyRoger"]
[Result "0-1"]
[WhiteElo "2066"]
[BlackElo "2431"]
[TimeControl "180+1"]
[EndTime "8:16:46 PDT"]
[Termination "JoliyRoger won on time"]

1. Nf3 Nf6 2. e3 c5 3. b3 a6 4.
Bb2 Nc6 5. d4 cxd4 6. Nxd4 e6 7.
Be2 Bb4+ 8. c3 Be7 9. O-O O-O 10.
Nd2 d5 11. c4 Bd7 12. N4f3 Rc8 13. Rc1 Qa5 14. a3 Rfd8 15. b4 Qc7 16. cxd5 Nxd5 17. Qb3 Qb8 18. Nc4 Be8 19. Rfd1 Bf6 20. Bxf6 Nxf6 21.
Nb6 Rxd1+ 22. Rxd1 Rd8 23. h3 h6 24. Nc4 Rxd1+ 25. Qxd1 Nd5 26. Nd4 Nc3 27. Qc2 Nxd4 28. exd4 Nxe2+ 29. Qxe2 Bb5 30. Qc2 Qd8 31. Qc3 Qc8 32.
a4 Qxc4 33. Qg3 Bc6 34. Qb8+ Kh7 35. b5 axb5 36. axb5 Qxb5 0-1

[Event "Early-Titled-Tuesday-Blitz-July-09-2024"]
[Site "Chess.com"]
[Date "2024.07.09"]
[Round "2"]
[White "Msb2"]
[Black "Goryachkina"]
[Result "1-0"]
[WhiteElo "3102"]
[BlackElo "2675"]
[TimeControl "180+1"]
[EndTime "8:16:47 PDT"]
[Termination "Msb2 won on time"]

1. d4 d5 2. c4 dxc4 3. e4 Nf6 4. e5 Nd5 5. Bxc4 e6 6. Nc3 Nb6 7. Bd3 Nc6 8. Nf3 Bd7 9. a3 Ne7 10. Bg5 Bc6 11. Rc1 h6 12. Bh4 Qd7 13. Ne4 Bxe4 14.
Bxe4 c6 15. O-O Ned5 16. Nd2 Be7 17. Bg3 Nc7 18. Nb3 a5 19. Bf3 O-O 20. Qd3 a4 21.
Na1 Rfd8 22. Nc2 Nb5 23. Rfd1 Nd5 24. Qe4 Bf8 25. Be2 Ne7 26. Bh4 Rdc8 27. Bxe7 Qxe7 28. h4 f5 29. exf6 Qxf6 30. Bd3 Qf5 31. Qe2 Qf6 32. g3 Rd8 33. Bxb5 cxb5 34. Qxb5 Qf3 35. Qd3 Qxd3 36. Rxd3 Rd5 37. Ne3 Rb5 38. Rc2 Rd8 39. Rdd2 g6 40.
Rc4 Ra5 41. Rc7 b5 42. d5 b4 43. axb4 Bxb4 44. Rd4 Bc5 45. Rg4 g5 46. dxe6 Bxe3 47. fxe3 Re5 48. hxg5 hxg5 49. Kf2 Rf5+ 50. Ke2 Re8 51.
e7 Kf7 52. Rxa4 Rb5 53. b4 Rd5 54. Ra5 Rd6 55. b5 1-0

[Event "Early-Titled-Tuesday-Blitz-July-09-2024"]
[Site "Chess.com"]
[Date "2024.07.09"]
[Round "2"]
[White "Andrei_Skvortsov"]
[Black "DanLowinger"]
[Result "1/2-1/2"]
[WhiteElo "2800"]
[BlackElo "2422"]
[TimeControl "180+1"]
[EndTime "8:16:47 PDT"]
[Termination "Game drawn by repetition"]

1. d4 Nf6 2. c4 g6 3. Nd2 Bg7 4. b4 O-O 5. Bb2 d6 6. e4 e5 7. dxe5 Nfd7 8. Ngf3 Nc6 9. Qb3 Ndxe5 10. Nxe5 Nxe5 11.
f4 Nc6 12. Bxg7 Kxg7 13. O-O-O Qf6 14. b5 Nd4 15. Qe3 Ne6 16. e5 Qxf4 17. Qxf4 Nxf4 18.
exd6 cxd6 19. Nb3 Be6 20. g3 Nh5 21. Rxd6 Rfc8 22. Rd4 a6 23. Kb2 Rc7 24. Be2 Nf6 25. Rc1 Rac8 26. a4 Nd7 27. a5 Ne5 28. c5 Bxb3 29. Kxb3 Rxc5 30. Rxc5 Rxc5 31. Kb4 Rc2 32. Re4 Nd7 33. bxa6 bxa6 34. Re7 Kf6 35. Rxd7 Rxe2 36. Rd6+ Re6 37. Kc5 Rxd6 38. Kxd6 h5 39. Kc6 Ke6 40. Kb6 Kd6 41. Kxa6 Kc6 42. Ka7 Kc7 43. Ka6 Kc6 44. Ka7 Kc7 45. Ka6 Kc6 1/2-1/2

[Event "Early-Titled-Tuesday-Blitz-July-09-2024"]
[Site "Chess.com"]
[Date "2024.07.09"]
[Round "2"]
[White "Austen48"]
[Black "JoJoZP"]
[Result "0-1"]
[WhiteElo "2295"]
[BlackElo "2504"]
[TimeControl "180+1"]
[EndTime "8:16:48 PDT"]
[Termination "JoJoZP won by resignation"]

1. d4 Nf6 2. c4 g6 3. Nc3 d5 4.
Nf3 Bg7 5. Qb3 dxc4 6. Qxc4 O-O 7. e4 a6 8. e5 b5 9. Qb3 Nfd7 10. Be3 c5 11.
Qd5 Ra7 12. dxc5 Bb7 13. Qd2 Bxf3 14. gxf3 Nxe5 15. Be2 Qxd2+ 16. Bxd2 Nbc6 17. Be3 Rd7 18. O-O Nc4 19. Bxc4 bxc4 20. Rad1 Rfd8 21. Rxd7 Rxd7 22. Rd1 Rb7 23. Rd2 Bxc3 24. bxc3 f6 25. Kg2 Kf7 26. a4 Ke6 27. Bd4 Rd7 28. Re2+ Kf7 29. Be3 Rd3 30. Rc2 Ke6 31. Rb2 Rxc3 32. Rb6 Kd5 33. Rxa6 Ra3 34. Ra8 c3 35. f4 c2 36. Bc1 Ra1 37. Bb2 c1=Q 38. Bxc1 Rxc1 39. a5 Ra1 40. a6 Kxc5 41. Kf3 f5 42. Ke3 Ra3+ 43. Kd2 Kd4 44. Rc8 Ra2+ 0-1

[Event "Early-Titled-Tuesday-Blitz-July-09-2024"]
[Site "Chess.com"]
[Date "2024.07.09"]
[Round "2"]
[White "glucolisis04"]
[Black "Vanych"]
[Result "0-1"]
[WhiteElo "2296"]
[BlackElo "2505"]
[TimeControl "180+1"]
[EndTime "8:16:49 PDT"]
[Termination "Vanych won by resignation"]

1. d4 Nf6 2. c4 e6 3. Nc3 Bb4 4. e3 O-O 5. Ne2 d5 6. a3 Bd6 7. c5 Be7 8. Nf4 b6 9. b4 a5 10. Bb2 c6 11. Bd3 Qc7 12. Rc1 axb4 13. axb4 bxc5 14.
bxc5 Nbd7 15. O-O e5 16. dxe5 Nxe5 17. Ncxd5 cxd5 18. Nxd5 Nxd5 19. Bxh7+ Kxh7 20. Qxd5 Bb7 21. Qxe5 Qxe5 22. Bxe5 Rfc8 23. Bd6 Bf6 24. h3 Ra2 25. Rb1 Be4 26. Rb4 Bc6 27. e4 Rc2 28. e5 Bg5 29.
f4 Rxg2+ 30. Kh1 0-1

[Event "Early-Titled-Tuesday-Blitz-July-09-2024"]
[Site "Chess.com"]
[Date "2024.07.09"]
[Round "2"]
[White "VacheH009"]
[Black "TigrVShlyape"]
[Result "0-1"]
[WhiteElo "2522"]
[BlackElo "2986"]
[TimeControl "180+1"]
[EndTime "8:16:51 PDT"]
[Termination "TigrVShlyape won by resignation"]

1. c4 f5 2. g3 Nf6 3. Bg2 e5 4. Nf3 Nc6 5. d4 e4 6. Nh4 Bb4+ 7. Nc3 Bxc3+ 8. bxc3 d6 9. O-O O-O 10. f3 Qe8 11.
Bg5 exf3 12. exf3 Qf7 13. Bxf6 Qxf6 14. f4 Na5 15. Qa4 Nc6 16. Rfe1 Bd7 17. Qb3 Rab8 18. Nf3 h6 19. a4 Na5 20. Qb4 b6 21. c5 Kh8 22.
cxd6 cxd6 23. c4 Rbc8 24. Rac1 Nc6 25. Qb2 Rfe8 26. h3 Rxe1+ 27. Rxe1 Na5 28. c5 bxc5 29.
Qc3 Nc6 30. Rd1 Nb4 31. Qe3 c4 32. d5 c3 33. Nd4 c2 34. Rc1 Rc4 35. Ne6 Na2 36.
Qxa7 Nxc1 37. Qxd7 Ne2+ 38. Kh2 c1=Q 39. Qe8+ Kh7 40.
Nf8+ Qxf8 41. Qxe2 Rc2 42. Qf3 Qd2 0-1

[Event "Early-Titled-Tuesday-Blitz-July-09-2024"]
[Site "Chess.com"]
[Date "2024.07.09"]
[Round "2"]
[White "eltenedor"]
[Black "Cherepov_Alexej"]
[Result "0-1"]
[WhiteElo "2143"]
[BlackElo "2448"]
[TimeControl "180+1"]
[EndTime "8:16:52 PDT"]
[Termination "Cherepov_Alexej won on time"]

1. f4 e5 2. fxe5 d6 3. exd6 Bxd6 4. Nf3 g5 5. g3 g4 6. Nh4 Ne7 7. d4 Ng6 8. Nxg6 hxg6 9. Qd3 Nc6 10. c3 Qe7 11.
Nd2 Bf5 12. e4 O-O-O 13. Bg2 Rde8 14. O-O Bd7 15. e5 Nxe5 16. dxe5 Bc5+ 17. Kh1 Rxh2+ 18. Kxh2 Rh8+ 19. Bh3 Bc6 20. Ne4 Rxh3+ 21. Kg2 Qxe5 22. Rf4 f5 23. Be3 Bxe4+ 24. Rxe4 fxe4 25. Bd4 Qh5 26. Qb5 Rh2+ 27. Kf1 Rh1+ 28. Ke2 Qh2+ 29. Ke3 Qxg3+ 30.
Kd2 Rh2+ 31. Kd1 Qf3+ 32. Kc1 Qh1+ 0-1

[Event "Early-Titled-Tuesday-Blitz-July-09-2024"]
[Site "Chess.com"]
[Date "2024.07.09"]
[Round "2"]
[White "paranoyak"]
[Black "RandomNoob04"]
[Result "1-0"]
[WhiteElo "2557"]
[BlackElo "2754"]
[TimeControl "180+1"]
[EndTime "8:16:53 PDT"]
[Termination "paranoyak won by resignation"]

1. e4 d5 2. exd5 Qxd5 3. Ne2 Nf6 4. d4 Bf5 5. Nf4 Qd7 6. Nc3 e6 7. Bd3 Bxd3 8. Qxd3 Bd6 9. Bd2 O-O 10. O-O-O Nc6 11.
Rhg1 Rfd8 12. g4 e5 13. g5 Ng4 14. Nh5 exd4 15. Ne4 Nge5 16. Nef6+ gxf6 17. Nxf6+ Kf8 18. Nxd7+ Rxd7 19. Qxh7 Ng6 20. h4 Ke7 21. Rde1+ Be5 22. f4 Kd6 23. fxe5+ Ncxe5 24. h5 Rh8 25. Qg7 Rxh5 26.
Rgf1 Kc6 27. Rxe5 Nxe5 28. Qxe5 Rh8 29. Qxh8 1-0

[Event "Early-Titled-Tuesday-Blitz-July-09-2024"]
[Site "Chess.com"]
[Date "2024.07.09"]
[Round "2"]
[White "GM-2024-GM"]
[Black "EsmeraldasAnderson03"]
[Result "0-1"]
[WhiteElo "2336"]
[BlackElo "2536"]
[TimeControl "180+1"]
[EndTime "8:16:54 PDT"]
[Termination "EsmeraldasAnderson03 won on time"]

1. e4 c5 2. Nf3 d6 3. d4 cxd4 4.
Nxd4 Nf6 5. Nc3 a6 6. Bg5 e6 7.
Qe2 Be7 8. f4 Qc7 9. O-O-O b5 10. a3 Nbd7 11. g4 Rb8 12. Bg2 b4 13. axb4 Rxb4 14. e5 dxe5 15. Nc6 Rxf4 16. Bxf4 exf4 17. Nxe7 Kxe7 18. g5 Qa5 19. gxf6+ Nxf6 20. Kb1 Bd7 21. Nd5+ Nxd5 22. Rxd5 Bb5 23. Qd2 Qb6 24. Re1 Rb8 25. Qxf4 Bc4 26. Qd4 Bxd5 27. Qxb6 Rxb6 28. Bxd5 Rd6 29.
Bc4 g5 30. Kc1 f5 31. Rd1 Rc6 32. b3 h5 33. Kd2 Kf6 34. Ke2 e5 35. Rd7 e4 36.
Rf7+ Ke5 37. Re7+ Kf4 38. Re6 Rc8 39. Rxa6 h4 40. Ra5 Re8 41. b4 g4 42. b5 g3 43. hxg3+ Kxg3 44. b6 f4 45. Bd5 f3+ 46.
Ke3 f2 47. Ra1 Rf8 48. Ke2 e3 49. b7 Rd8 50. c4 h3 51. Rh1 h2 0-1

[Event "Early-Titled-Tuesday-Blitz-July-09-2024"]
[Site "Chess.com"]
[Date "2024.07.09"]
[Round "2"]
[White "waltereador"]
[Black "GM_Huschenbeth"]
[Result "0-1"]
[WhiteElo "2306"]
[BlackElo "2514"]
[TimeControl "180+1"]
[EndTime "8:16:54 PDT"]
[Termination "GM_Huschenbeth won by checkmate"]

1. e4 c5 2. Nf3 d6 3. Bb5+ Nd7 4. O-O Nf6 5. Re1 a6 6. Bf1 g6 7. c3 Bg7 8. d4 O-O 9. h3 b5 10. Bg5 Bb7 11. d5 c4 12. b3 Nc5 13. bxc4 Nfxe4 14. cxb5 Nxg5 15. Nxg5 e6 16. Nf3 Bxd5 17. bxa6 Qa5 18. Nd4 Na4 19. Nb3 Qc7 20. Re3 Rfc8 21. Bb5 Nb2 22.
Qe2 Bc4 23. Bxc4 Nxc4 24. Rd3 Rxa6 25. N1d2 d5 26. Nf3 Rca8 27. Nfd4 Ne5 28. Re3 Nc6 29. g3 h5 30. h4 Na5 31. Rb1 Nc4 32. Rd3 Rxa2 33.
Qf3 Ne5 34. Qe3 Nxd3 35. Qxd3 Qc4 36. Qe3 Rc8 37. Nxe6 fxe6 38. Qxe6+ Kh7 39. g4 Qe2 40. gxh5 Qxf2+ 41. Kh1 Qh2# 0-1

[Event "Early-Titled-Tuesday-Blitz-July-09-2024"]
[Site "Chess.com"]
[Date "2024.07.09"]
[Round "2"]
[White "Arimin1329"]
[Black "KNVB"]
[Result "0-1"]
[WhiteElo "2402"]
[BlackElo "2672"]
[TimeControl "180+1"]
[EndTime "8:16:55 PDT"]
[Termination "KNVB won by resignation"]

1. Nf3 d5 2. d4 Bf5 3. c4 e6 4. Qb3 Nc6 5. a3 Na5 6. Qa4+ c6 7. cxd5 exd5 8. Bg5 Qb6 9. b4 Nc4 10. Nbd2 Nxd2 11.
Bxd2 Bd6 12. e3 Nf6 13. Be2 O-O 14. O-O Ne4 15. b5 cxb5 16. Qxb5 Qxb5 17. Bxb5 Nxd2 18. Nxd2 Rfc8 19. Rfc1 Rxc1+ 20. Rxc1 Bxa3 21. Rc7 Rb8 22. f3 Bd6 23. Rc3 a6 24. Ba4 Bb4 0-1

[Event "Early-Titled-Tuesday-Blitz-July-09-2024"]
[Site "Chess.com"]
[Date "2024.07.09"]
[Round "2"]
[White "stepanosinovsky"]
[Black "quvnoq_muxlis"]
[Result "0-1"]
[WhiteElo "2354"]
[BlackElo "2712"]
[TimeControl "180+1"]
[EndTime "8:16:56 PDT"]
[Termination "quvnoq_muxlis won on time"]

1. Nf3 d5 2. g3 Nd7 3. Bg2 e5 4. O-O Ngf6 5. d3 Bd6 6. c4 c6 7. a3 O-O 8. b4 a5 9. b5 cxb5 10. cxd5 Nxd5 11. Qb3 Nc7 12. Nc3 b4 13. Ne4 Be7 14.
axb4 Bxb4 15. Bb2 Re8 16. Rfc1 Ra6 17. Rc2 Rc6 18. Rxc6 bxc6 19. Rc1 c5 20. Nd6 Re6 21. Nxc8 Qxc8 22. Bh3 Re7 23. Nxe5 Ne6 24. Qd5 Nf6 25. Qc4 Qe8 26. Bg2 Nd4 27. Nc6 Nxc6 28. Bxf6 gxf6 29. Qg4+ Kh8 30. Qf4 Re6 31. Bd5 Nd4 0-1

[Event "Early-Titled-Tuesday-Blitz-July-09-2024"]
[Site "Chess.com"]
[Date "2024.07.09"]
[Round "2"]
[White "LikeWater"]
[Black "RTchess367"]
[Result "1-0"]
[WhiteElo "2701"]
[BlackElo "2285"]
[TimeControl "180+1"]
[EndTime "8:16:56 PDT"]
[Termination "LikeWater won by resignation"]

1. e4 c5 2. Nf3 d6 3. d4 cxd4 4.
Nxd4 Nf6 5. Nc3 a6 6. Bc4 e6 7.
a4 Be7 8. O-O O-O 9. Be3 b6 10.
f4 Bb7 11. f5 e5 12. Nde2 Nxe4 13.
Nxe4 Bxe4 14. Nc3 Bb7 15. Nd5 Bxd5 16. Bxd5 Ra7 17. a5 Nd7 18. axb6 Nxb6 19. f6 Bxf6 20. Rxf6 Qxf6 21. Bxb6 Re7 22. Rxa6 e4 23. Bd4 Qg6 24. Bc3 e3 25. Qe2 Qf5 26. Ra5 Qg6 27. Ra4 h5 28. Rh4 Rfe8 29. Rxh5 Ra7 30. h4 Ra1+ 31.
Kh2 Ra7 32. Rg5 Qh6 33. Rxg7+ Kf8 34. Kh3 Ra4 35. Rxf7+ Kg8 36. Rf6+ 1-0

[Event "Early-Titled-Tuesday-Blitz-July-09-2024"]
[Site "Chess.com"]
[Date "2024.07.09"]
[Round "2"]
[White "esskeettit"]
[Black "simonachess"]
[Result "1-0"]
[WhiteElo "2537"]
[BlackElo "2336"]
[TimeControl "180+1"]
[EndTime "8:16:56 PDT"]
[Termination "esskeettit won on time"]

1. d4 Nf6 2. c4 e6 3. Nc3 Be7 4. e4 d5 5. e5 Ne4 6. Bd3 Nxc3 7. bxc3 dxc4 8. Bxc4 O-O 9. Nf3 b6 10. O-O Bb7 11. Qe2 Nc6 12. Rd1 Na5 13. Bd3 Qc8 14. Bg5 Qd8 15. Bxe7 Qxe7 16. Qe3 Rfd8 17. Ng5 h6 18.
Ne4 Bxe4 19. Qxe4 g6 20. h4 h5 21. Qf4 c5 22. Be4 Rab8 23. Rd3 cxd4 24. cxd4 Rbc8 25. Rad1 Nc6 26. a3 Qf8 27. d5 exd5 28. Bxd5 Ne7 29.
Bxf7+ Kh7 30. Qf6 Rxd3 31. Rxd3 Rc6 32. Bxg6+ Nxg6 33. Rd7+ Ne7 34. Rxe7+ Kg8 35. Qg5+ 1-0

[Event "Early-Titled-Tuesday-Blitz-July-09-2024"]
[Site "Chess.com"]
[Date "2024.07.09"]
[Round "2"]
[White "AthanasiusLefebvre"]
[Black "Dreamer_01"]
[Result "0-1"]
[WhiteElo "2110"]
[BlackElo "2440"]
[TimeControl "180+1"]
[EndTime "8:16:56 PDT"]
[Termination "Dreamer_01 won by resignation"]

1. d3 d5 2. Nf3 Nf6 3. g3 g6 4.
Bg2 Bg7 5. O-O O-O 6. c4 c5 7. Nc3 Nc6 8. a3 dxc4 9. dxc4 Be6 10. Qa4 Qa5 11. Ng5 Qxa4 12. Nxa4 Bxc4 13. Nxc5 h6 14. Nxb7 Nd4 15. Nf3 Nxe2+ 16. Kh1 Ne4 17. Na5 Ba6 18.
Nd2 Nxc1 19. Bxe4 Rad8 20. Rfxc1 Rxd2 21. Rc6 Bxb2 22. Rb1 Bb5 23. Rc7 a6 24. Rb7 Bxa3 25. Nc6 Rxf2 26. Nxe7+ Bxe7 27. Rxe7 Rd8 28. Bd5 Rxd5 0-1

[Event "Early-Titled-Tuesday-Blitz-July-09-2024"]
[Site "Chess.com"]
[Date "2024.07.09"]
[Round "2"]
[White "GAO"]
[Black "Alex_Sahakyan2006"]
[Result "0-1"]
[WhiteElo "2456"]
[BlackElo "2742"]
[TimeControl "180+1"]
[EndTime "8:16:58 PDT"]
[Termination "Alex_Sahakyan2006 won by resignation"]

1. e4 d6 2. d4 Nf6 3. Nc3 e5 4. Nf3 Nbd7 5. Bc4 Be7 6. a4 O-O 7. O-O c6 8. h3 Qc7 9. Re1 h6 10. a5 Re8 11. Be3 Nf8 12. Qd2 Be6 13. Bf1 Ng6 14. d5 Bd7 15. a6 b6 16. dxc6 Bxc6 17. Nd5 Bxd5 18. exd5 Qd7 19. Bc4 Rec8 20. Qe2 Qc7 21.
Bb3 Bf8 22. c4 Ne7 23. Nd2 Nf5 24. Ba4 Nxe3 25. fxe3 b5 26. Bxb5 Rab8 27. Rf1 Qb6 28. b3 Nxd5 29. Qf3 Qxe3+ 30. Qxe3 Nxe3 31. Rf3 Nc2 32. Rc1 Nd4 33. Rff1 Ne2+ 34. Kf2 Nxc1 35. Rxc1 Rxb5 36. cxb5 Rxc1 37. b6 axb6 38. Nc4 Ra1 39.
Nxb6 Rxa6 40. Nd5 Ra5 0-1

[Event "Early-Titled-Tuesday-Blitz-July-09-2024"]
[Site "Chess.com"]
[Date "2024.07.09"]
[Round "2"]
[White "vi_pranav"]
[Black "Pavlov_Sergey"]
[Result "1-0"]
[WhiteElo "3019"]
[BlackElo "2659"]
[TimeControl "180+1"]
[EndTime "8:16:59 PDT"]
[Termination "vi_pranav won on time"]

1. Nf3 c5 2. e4 Nf6 3. Nc3 Nc6 4. Bb5 e5 5. O-O d6 6. d3 Be7 7. h3 O-O 8. Bg5 Be6 9. Bc4 h6 10. Bxf6 Bxf6 11. Nd5 g6 12. c3 Bg7 13. a4 Qd7 14. a5 Kh7 15. a6 b6 16. Bb5 f5 17. Nd2 Rac8 18. Nc4 f4 19. f3 Qd8 20. Qa4 Ne7 21. Nxe7 Qxe7 22. Nd2 Bf6 23. Kf2 Bh4+ 24. Ke2 g5 25. Kd1 h5 26. Kc2 Bg3 27. Rh1 Kg7 28. Rad1 Rh8 29. Kb1 g4 30. Nf1 Bf2 31. Qc2 g3 32.
Nd2 h4 33. Nc4 Rhd8 34. Rhf1 Kf6 35. Rxf2 gxf2 36. Qxf2 Kg5 37. Nd2 Bd7 38. Bc4 b5 39. Bd5 Bc6 40. Rg1 1-0

[Event "Early-Titled-Tuesday-Blitz-July-09-2024"]
[Site "Chess.com"]
[Date "2024.07.09"]
[Round "2"]
[White "ViIIagra"]
[Black "yaguigor"]
[Result "1-0"]
[WhiteElo "2872"]
[BlackElo "2597"]
[TimeControl "180+1"]
[EndTime "8:16:59 PDT"]
[Termination "ViIIagra won by resignation"]

1. d4 d5 2. Nd2 Nf6 3. e3 c6 4.
Bd3 Bg4 5. Ngf3 e6 6. b3 Bb4 7. Bb2 Ne4 8. Be2 Nc3 9. Qc1 Nxe2 10. Kxe2 O-O 11. Ba3 Bxa3 12. Qxa3 a5 13. Rhe1 Na6 14. c3 Nc7 15. Kf1 Nb5 16. Qb2 Nd6 17. Kg1 Bxf3 18. Nxf3 a4 19. Nd2 Qa5 20. b4 a3 21. Qc2 Qa6 22. e4 dxe4 23. Nxe4 Nxe4 24. Rxe4 Qc4 25. Rae1 Rfd8 26. h4 h6 27. R1e3 Rd7 28.
Rg3 b6 29. d5 Qxd5 30. Rd4 Qxd4 31. cxd4 Rxd4 32. Qxc6 Rad8 33. Rxa3 Rxb4 34. Ra8 Rxa8 35. Qxa8+ Kh7 36. g3 f5 37. h5 Re4 38. Qc6 Re1+ 39.
Kg2 1-0

[Event "Early-Titled-Tuesday-Blitz-July-09-2024"]
[Site "Chess.com"]
[Date "2024.07.09"]
[Round "2"]
[White "Chessdude1987"]
[Black "ChessSwole"]
[Result "0-1"]
[WhiteElo "2315"]
[BlackElo "2707"]
[TimeControl "180+1"]
[EndTime "8:16:59 PDT"]
[Termination "ChessSwole won on time"]

1. e4 e6 2. d4 d5 3. exd5 exd5 4.
Nf3 Nf6 5. Bd3 Bd6 6. Qe2+ Be6 7. Ne5 O-O 8. Bg5 c5 9. dxc5 Bxc5 10. O-O Nc6 11. Nxc6 bxc6 12. Nd2 a5 13. Qf3 Be7 14.
c4 h6 15. Bf4 a4 16. h3 Qb6 17. Rab1 Rfd8 18. Rfd1 Qb4 19. a3 Qb6 20. cxd5 Bxd5 21. Qe2 Re8 22. Be3 Qb7 23. Qf1 Ba2 24. Ra1 Qxb2 25.
Nc4 Bxc4 26. Bxc4 Nd5 27. Bxd5 cxd5 28. Rxd5 Bxa3 29. Rb1 Qf6 30. Bd4 Qg6 31. Rd7 Rad8 32. Rxd8 Rxd8 33. Bb6 Rb8 34. Qb5 Bc5 0-1

[Event "Early-Titled-Tuesday-Blitz-July-09-2024"]
[Site "Chess.com"]
[Date "2024.07.09"]
[Round "2"]
[White "AEMEffi"]
[Black "Brown_Bear_MGL"]
[Result "0-1"]
[WhiteElo "2320"]
[BlackElo "2620"]
[TimeControl "180+1"]
[EndTime "8:16:59 PDT"]
[Termination "Brown_Bear_MGL won by resignation"]

1. d4 Nf6 2. c4 e6 3. Nc3 Bb4 4. e3 b6 5. f3 O-O 6. e4 c5 7. d5 exd5 8. cxd5 d6 9. Ne2 Nbd7 10. Ng3 a6 11. a3 Ba5 12. a4 b5 13. Bd2 bxa4 14.
Nxa4 Rb8 15. Nf5 Ne5 16. Ne3 Bd7 17. Bc3 Bxc3+ 18. bxc3 Qa5 19. Qc2 Rb7 20. Be2 Rfb8 21. O-O g6 22. h3 Nh5 23. Nc4 Nxc4 24. Bxc4 Qd8 25. f4 Qe7 26. Bd3 Bxa4 27. Qxa4 Rb2 28.
Rab1 Qh4 29. Rxb2 Rxb2 30. Qa3 Rd2 31. Qxa6 Qg3 32. Be2 Nxf4 33. Bf3 Rxg2+ 0-1